 Dungeon Crawl Stone Soup version 0.31-a0-675-g238779eb0a (webtiles) character file.

Game seed: 689476264517487130

240 qw the Shooter (level 6, 0/41 HPs)
             Began as a Gargoyle Hunter on Sept 5, 2023.
             Slain by an orc
             ... wielding a +0 hand axe
              (6 damage)
             ... on level 4 of the Dungeon.
             The game lasted 00:01:10 (2397 turns).

qw the Shooter (Gargoyle Hunter)                    Turns: 2397, Time: 00:01:10

Health: 0/41       AC:  9    Str: 14    XL:     6   Next: 8%
Magic:  6/6        EV: 10    Int: 10    God:
Gold:   76         SH:  0    Dex: 15    Spells: 5/5 levels left

rFire   . . .        Y - +0 shortbow (flame)
rCold   . . .        (shield currently unavailable)
rNeg    + . .        j - +0 ring mail
rPois   inf          (no helmet)
rElec   +            (no cloak)
rCorr   .            (no gloves)
SInv    .            (no boots)
Will    .....        (no amulet)
Stlth   +            (no ring)
HPRegen 0.26/turn    (no ring)
MPRegen 0.10/turn

%: no passive effects
@: no status effects
A: sickness immunity, AC +4, negative energy resistance 1, electricity
resistance, torment resistance 1, petrification resistance, mutation resistance
1, robust 1
a: no special abilities


You were on level 4 of the Dungeon.
You visited 1 branch of the dungeon, and saw 4 of its levels.

You collected 76 gold pieces.


Innate Abilities, Weirdness & Mutations

You are immune to sickness and miasma.
Your stone body is resilient. (AC +4)
You are immune to poison.
You resist negative energy. (rN+)
You are resistant to electric shocks. (rElec)
You are resistant to unholy torment.
You are immune to petrification.
You are somewhat resistant to further mutation.
You are robust. (+10% HP)


   Skills:
 - Level 4.0 Fighting
 + Level 6.2 Ranged Weapons
 - Level 1.0 Armour
 - Level 1.5 Dodging
 - Level 1.1 Stealth


You had 5 spell levels left.
You didn't know any spells.
Your spell library was empty.

Inventory:

Hand Weapons
 Y - a +0 shortbow of flaming (weapon)
Armour
 j - a +0 ring mail (worn)
Jewellery
 b - a ring of ice
 c - an amulet of magic regeneration
Potions
 a - a potion of mutation
 d - a potion of cancellation {unknown}
 e - a potion of attraction {unknown}
 f - a potion of lignification {unknown}

Dungeon Overview and Level Annotations

Branches:
Dungeon (4/15)
 Temple: D:4-7

Altars:
Uskayaw


Message History

You shoot an arrow.
The arrow hits the orc priest but does no damage.
The orc priest is heavily wounded.
The orc priest hits you with a +0 club.
You shoot an arrow. The arrow hits the orc priest!
The arrow burns the orc priest.
You kill the orc priest!
You have reached level 6!
You shoot an arrow. The arrow hits the hobgoblin.
The arrow burns the hobgoblin.
You kill the hobgoblin!
2381 ||| FLEEEEING.
You hear some strange, mumbled words.
Something tries to affect you, but you resist.
2382 ||| FLEEEEING.
There is an open door here.
2383 ||| FLEEEEING.
2384 ||| FLEEEEING.
2385 ||| FLEEEEING.
Something hits you.
2386 ||| FLEEEEING.
2387 ||| FLEEEEING.
Something hits you.
2388 ||| FLEEEEING.
Something hits you.
2389 ||| FLEEEEING.
2390 ||| FLEEEEING.
You hear some strange, mumbled words.
You are confused.
There is an open door, spattered with blood here.
Items here: ( )))) [.
Something completely misses you. The orc hits you but does no damage.
Something hits you but does no damage. The orc hits you but does no damage.
Something hits you but does no damage. The orc hits you with a +0 hand axe.
The orc barely misses you. Something hits you.
The orc hits you but does no damage. The orc hits you with a +0 mace.
Something hits you but does no damage.
You feel less confused. The orc hits you with a +0 hand axe.
You die...

..................#
#.(........#######
#..........# #..........#
#..........# ####...#####
#...#### #########
#......###o......######.##
#......'.@{......'..)))...
#......###o......#####....
#......# #.......# o..
###...(# #.......# o.
#....# #.......# g #....#
#.......# #....# #.......#
#.#### #.......# #########


You could see 2 orcs.

Vanquished Creatures
  A jelly (D:3)
  2 orc priests (D:4)
  3 gnolls (D:2)
  4 adders
  A white imp (D:4)
  2 worms
  3 dart slugs
  7 orcs (D:4)
  8 endoplasms
  3 giant cockroaches
  5 hobgoblins
  3 quokkas
  6 ball pythons
  7 bats
  6 frilled lizards
  4 goblins (D:2)
  3 kobolds
  2 rats
70 creatures vanquished.

Notes
Turn   | Place    | Note
-------+----------+-------------------------------------------
     0 | D:1      | qw the Gargoyle Hunter began the quest for the Orb.
     0 | D:1      | Reached XP level 1. HP: 12/12 MP: 1/1
     0 | D:1      | 0 ||| qw: Version: 0.3-a-75-gb5c8c4b
     0 | D:1      | 0 ||| qw: Game counter: 24
     0 | D:1      | 0 ||| qw: Melee chars always use a shield: true
     0 | D:1      | 0 ||| qw: God list: Okawaru
     0 | D:1      | 0 ||| qw: Allow faded altars: false
     0 | D:1      | 0 ||| qw: Do Orc after clearing Dungeon:15 true
     0 | D:1      | 0 ||| qw: Do second Lair branch before Depths: true
     0 | D:1      | 0 ||| qw: Lair rune preference: random
     0 | D:1      | 0 ||| qw: Goals: Normal
     0 | D:1      | 0 ||| PLANNING D:1-11
   232 | D:1      | Reached XP level 2. HP: 17/17 MP: 2/2
   674 | D:1      | 674 ||| UPGRADING to +0 ring mail.
   684 | D:1      | 684 ||| DROPPING +0 leather armour.
   685 | D:1      | 685 ||| DROPPING ring of flight.
   686 | D:1      | 686 ||| READING scroll labelled CEAGUA ZUIRCH.
   687 | D:1      | 687 ||| READING scroll labelled YTHRAG PANOYNOI.
   691 | D:1      | 691 ||| READING scroll labelled WAOVUDI LOROH.
   692 | D:1      | 692 ||| DRINKING 2 inky potions.
   693 | D:1      | 693 ||| DROPPING scroll of butterflies.
   804 | D:2      | Reached skill level 1 in Armour
   805 | D:2      | Reached XP level 3. HP: 17/21 MP: 3/3
   828 | D:2      | 828 ||| RETREATING.
   833 | D:2      | 833 ||| Stepping ~*~*~tactically~*~*~ (retreating).
   834 | D:2      | 834 ||| Stepping ~*~*~tactically~*~*~ (retreating).
   835 | D:2      | 835 ||| Stepping ~*~*~tactically~*~*~ (retreating).
   844 | D:2      | 844 ||| Stepping ~*~*~tactically~*~*~ (retreating).
   845 | D:2      | 845 ||| Stepping ~*~*~tactically~*~*~ (retreating).
   846 | D:2      | 846 ||| Stepping ~*~*~tactically~*~*~ (retreating).
   847 | D:2      | 847 ||| Stepping ~*~*~tactically~*~*~ (retreating).
   848 | D:2      | 848 ||| Stepping ~*~*~tactically~*~*~ (retreating).
   852 | D:2      | Reached skill level 5 in Ranged Weapons
   853 | D:2      | HP: 4/21 [gnoll/+0 club (5)]
   854 | D:2      | 854 ||| DRINKING potion of heal wounds.
   861 | D:2      | HP: 5/21 [gnoll/+0 club (7)]
   863 | D:2      | Reached XP level 4. HP: 8/27 MP: 4/4
  1338 | D:2      | Reached skill level 3 in Fighting
  1643 | D:2      | 1643 ||| READING scroll labelled ILU KUOPNIPSO.
  1664 | D:2      | 1664 ||| READING scroll labelled XAHUNO YSU LEN.
  1665 | D:2      | 1665 ||| READING scroll labelled PUADAL DEOCW.
  1933 | D:3      | Reached XP level 5. HP: 32/32 MP: 5/5
  1956 | D:3      | Reached skill level 6 in Ranged Weapons
  1998 | D:3      | Found a hide-covered altar of Uskayaw.
  2161 | D:3      | 2161 ||| READING scroll labelled QUTSOKH PUGRI.
  2162 | D:3      | 2162 ||| READING scroll labelled FEDIOCW BEROX.
  2163 | D:3      | 2163 ||| DRINKING 2 purple potions.
  2163 | D:3      | Gained mutation: You are robust. (+10% HP) [potion of
                  | mutation]
  2163 | D:3      | Gained mutation: You are somewhat resistant to further
                  | mutation. [potion of mutation]
  2172 | D:3      | 2172 ||| DRINKING 2 glowing sapphire potions.
  2173 | D:3      | 2173 ||| DROPPING potion of magic.
  2366 | D:4      | 2366 ||| Stepping ~*~*~tactically~*~*~ (outnumbered).
  2380 | D:4      | Reached XP level 6. HP: 18/41 MP: 6/6
  2381 | D:4      | 2381 ||| FLEEEEING.
  2382 | D:4      | 2382 ||| FLEEEEING.
  2383 | D:4      | 2383 ||| FLEEEEING.
  2384 | D:4      | 2384 ||| FLEEEEING.
  2385 | D:4      | 2385 ||| FLEEEEING.
  2386 | D:4      | 2386 ||| FLEEEEING.
  2387 | D:4      | 2387 ||| FLEEEEING.
  2388 | D:4      | 2388 ||| FLEEEEING.
  2389 | D:4      | 2389 ||| FLEEEEING.
  2390 | D:4      | 2390 ||| FLEEEEING.
  2395 | D:4      | HP: 10/41 [orc/+0 hand axe (4)]
  2397 | D:4      | Slain by an orc

Levels and vault maps discovered:
D:1:      minmay_arrival_shoal_huts, layout_loops_ring, kennysheep_small_spiral,
          minmay_misc_feat_doors
D:2:      layout_basic
D:3:      layout_basic, old_standard_altar
D:4:      layout_basic, kennysheep_mini_moat, marbit_many_paths

Skill      XL: |  1  2  3  4  5 |
---------------+----------------+-----
Armour         | 1 |  1.0
Ranged Weapons | 5 6 |  6.2
Fighting       | 3 4 |  4.0
Dodging        | |  1.5
Stealth        | |  1.1

Action                     |  1- 3 |  4- 6 || total
---------------------------+-------+-------++-------
   Fire: Shortbow          |    92 |   162 ||   254
    Use: Scroll            |     3 |     5 ||     8
         Potion            |     2 |     2 ||     4
 Armour: Leather armour    |    20 |       ||    20
         Ring mail         |    20 |    50 ||    70
  Dodge: Dodged            |    30 |    41 ||    71

Table legend:
 A = Non-vault XP
 B = Vault XP
 C = Vault XP percentage of total XP
 D = Non-vault monster count
 E = Vault monster count
 F = Vault count percentage of total count
                 A         B        C        D         E       F
            +---------+---------+-------+---------+---------+-------
      Total |     343 |       0 |   0.0 |      70 |       0 |   0.0
            +---------+---------+-------+---------+---------+-------
        D:1 |      24 |       0 |   0.0 |      18 |       0 |   0.0
        D:2 |     101 |       0 |   0.0 |      26 |       0 |   0.0
        D:3 |      90 |       0 |   0.0 |      13 |       0 |   0.0
        D:4 |     128 |       0 |   0.0 |      13 |       0 |   0.0
            +---------+---------+-------+---------+---------+-------
